XFBL
HOUSTON ASTROS @ CINCINNATI REDS
09/26/1982
 
TOP OF THE 1ST
Houston Astros batting - Pitching for Cincinnati Reds : LHP Doug Rau
Pitching: LHP Doug Rau
Batting: RHB Julio Franco 0-0: Foul Ball, location: 2F
0-1: Ball
1-1: Foul Ball, location: 2F
1-2: SINGLE (Groundball, 6MD, EV 98.8 MPH)
Batting: RHB John Castino 0-0: Called Strike
0-1: Ball
1-1: Ball
2-1: Ball
3-1: DOUBLE (Line Drive, 9LM, EV 101.9 MPH)
Julio Franco to third
Runner from 3rd tries for Home, SAFE, throw by RF to home
Batting: RHB Zail Smith 0-0: Called Strike
0-1: Fly out, F8 (Flyball, 78XD, EV 98.1 MPH)
Runner from 2nd tags up, SAFE at 3rd, no throw by CF
Batting: LHB Steve Kemp 0-0: Ball
1-0: Ball
2-0: SINGLE (Groundball, 56D, EV 95.6 MPH)
John Castino scores
Batting: RHB Dave Valle 0-0: Called Strike
0-1: Ball
1-1: Foul Ball, location: 2F
1-2: Ball
2-2: Ball
3-2: Fielders Choice at 2nd, 3-6 (Groundball, 3, EV 91.3 MPH)
Batting: RHB Cecil Fielder 0-0: Swinging Strike
0-1: Called Strike
0-2: Strikes out swinging
Top of the 1st over - 2 runs, 3 hits, 0 errors, 1 left on base; Houston 2 - Cincinnati 0
BOTTOM OF THE 1ST
Cincinnati Reds batting - Pitching for Houston Astros : LHP Mark Langston
Pitching: LHP Mark Langston
Batting: RHB John Damon 0-0: Ball
1-0: Foul Ball, location: 2F
1-1: Foul Ball, location: 2F
1-2: Fly out, F8 (Flyball, 8RD, EV 101.9 MPH)
Batting: RHB Marco Mosquera 0-0: Swinging Strike
0-1: Fly out, F7 (Flyball, 7LM, EV 91.9 MPH)
Batting: RHB Gary Matthews 0-0: Called Strike
0-1: Foul Ball, location: 2F
0-2: Ball
1-2: Ball
2-2: Ball
3-2: Base on Balls
Batting: LHB Mike Easler 0-0: Swinging Strike
0-1: Swinging Strike
0-2: Ball
1-2: Ball
2-2: Ball
3-2: Strikes out swinging
Bottom of the 1st over - 0 runs, 0 hits, 0 errors, 1 left on base; Houston 2 - Cincinnati 0
TOP OF THE 2ND
Houston Astros batting - Pitching for Cincinnati Reds : LHP Doug Rau
Batting: LHB Jerry Narron 0-0: Called Strike
0-1: Ball
1-1: Swinging Strike
1-2: DOUBLE (Line Drive, 7LS, EV 89.4 MPH)
Batting: RHB Ricky Adams 0-0: Ground out 5-3 (Groundball, 5, EV 80.0 MPH)
Batting: RHB Mark Langston 0-0: Ball
1-0: Ball
2-0: Foul Ball, location: 2F
2-1: Ground out 5-3 (Groundball, 5, EV 85.0 MPH)
Batting: RHB Julio Franco 0-0: Ball
1-0: Ball
2-0: Ground out 6-3 (Groundball, 6, EV 101.9 MPH)
Top of the 2nd over - 0 runs, 1 hit, 0 errors, 1 left on base; Houston 2 - Cincinnati 0
BOTTOM OF THE 2ND
Cincinnati Reds batting - Pitching for Houston Astros : LHP Mark Langston
Batting: RHB Nick Deurloo 0-0: DOUBLE (Flyball, 78D, EV 95.6 MPH)
Batting: LHB Darrell Evans 0-0: Ball
1-0: Ball
2-0: Ball
Passed Ball!
Nick Deurloo to third
3-0: Fly out, F6 (Popup, 6D, EV 67.5 MPH)
Batting: RHB John Malkin 0-0: Ball
1-0: Called Strike
1-1: Fly out, F8 (Flyball, 89S, EV 90.0 MPH)
Runner from 3rd tags up, OUT at HOME! 8-2
Bottom of the 2nd over - 0 runs, 1 hit, 0 errors, 0 left on base; Houston 2 - Cincinnati 0
TOP OF THE 3RD
Houston Astros batting - Pitching for Cincinnati Reds : LHP Doug Rau
Batting: RHB John Castino 0-0: DOUBLE (Groundball, 3L, EV 100.6 MPH)
Batting: RHB Zail Smith 0-0: Ball
1-0: Ground out 4-3 (Groundball, 4MS, EV 84.4 MPH)
John Castino to third
Batting: LHB Steve Kemp 0-0: Ball
1-0: Foul Ball, location: 2F
1-1: Foul Ball, location: 2F
1-2: Foul Ball, location: 2F
1-2: Foul Ball, location: 2F
1-2: Ball
2-2: Foul Ball, location: 2F
2-2: SINGLE (Line Drive, 89S, EV 101.3 MPH)
John Castino scores
Batting: RHB Dave Valle 0-0: Called Strike
0-1: Ball
1-1: Ball
2-1: SINGLE (Line Drive, 8LS, EV 105.6 MPH)
Steve Kemp to second
Batting: RHB Cecil Fielder 0-0: Ball
1-0: Ball
2-0: Called Strike
2-1: Ball
3-1: Fly out, F7 (Flyball, 7D, EV 87.5 MPH)
Batting: LHB Jerry Narron 0-0: Ball
1-0: Ball
2-0: Ball
3-0: Called Strike
3-1: Called Strike
3-2: Strikes out swinging
Top of the 3rd over - 1 run, 3 hits, 0 errors, 2 left on base; Houston 3 - Cincinnati 0
BOTTOM OF THE 3RD
Cincinnati Reds batting - Pitching for Houston Astros : LHP Mark Langston
Batting: RHB Ramon Borrero 0-0: Called Strike
0-1: Ground out 1-3 (Groundball, 23, EV 74.4 MPH)
Batting: LHB Doug Rau 0-0: Ball
1-0: Ball
2-0: Fly out, F8 (Flyball, 78D, EV 72.5 MPH)
Batting: RHB John Damon 0-0: Called Strike
0-1: Foul Ball, location: 2F
0-2: Foul Ball, location: 2F
0-2: Ball
1-2: Strikes out looking
Bottom of the 3rd over - 0 runs, 0 hits, 0 errors, 0 left on base; Houston 3 - Cincinnati 0
TOP OF THE 4TH
Houston Astros batting - Pitching for Cincinnati Reds : LHP Doug Rau
Batting: RHB Ricky Adams 0-0: Fly out, F8 (Flyball, 8RD, EV 90.0 MPH)
Batting: RHB Mark Langston 0-0: Ball
1-0: Called Strike
1-1: Called Strike
1-2: Ball
2-2: Foul Ball, location: 2F
2-2: SINGLE (Flyball, 56D, EV 88.8 MPH)
Batting: RHB Julio Franco 0-0: Swinging Strike
0-1: Swinging Strike
0-2: Ball
1-2: SINGLE (Groundball, 6D, EV 103.1 MPH)
Mark Langston to second
Batting: RHB John Castino 0-0: Called Strike
0-1: Ball
1-1: Ball
2-1: Ball
3-1: SINGLE (Line Drive, 8RS, EV 97.5 MPH)
Mark Langston to third
Julio Franco to second
Runner from 3rd tries for Home, SAFE, throw by CF to home
Batting: RHB Zail Smith 0-0: Ball
1-0: Called Strike
1-1: Fly out, F2 (Popup, 25F, EV 84.4 MPH)
Batting: LHB Steve Kemp 0-0: Fly out, F9 (Line Drive, 9, EV 85.0 MPH)
Top of the 4th over - 1 run, 3 hits, 0 errors, 2 left on base; Houston 4 - Cincinnati 0
BOTTOM OF THE 4TH
Cincinnati Reds batting - Pitching for Houston Astros : LHP Mark Langston
Batting: RHB Marco Mosquera 0-0: Called Strike
0-1: Ground out 4-3 (Groundball, 4MD, EV 99.4 MPH)
Batting: RHB Gary Matthews 0-0: Ball
1-0: Fly out, F4 (Popup, 4M, EV 51.3 MPH)
Batting: LHB Mike Easler 0-0: Ball
1-0: Called Strike
1-1: Called Strike
1-2: Strikes out looking
Bottom of the 4th over - 0 runs, 0 hits, 0 errors, 0 left on base; Houston 4 - Cincinnati 0
TOP OF THE 5TH
Houston Astros batting - Pitching for Cincinnati Reds : LHP Doug Rau
Batting: RHB Dave Valle 0-0: Ball
1-0: Fly out, F8 (Flyball, 8LD, EV 90.0 MPH)
Batting: RHB Cecil Fielder 0-0: Ball
1-0: SOLO HOME RUN (Flyball, 7D, EV 96.9 MPH), Distance : 373 ft
Batting: LHB Jerry Narron 0-0: Swinging Strike
0-1: Ball
1-1: Ball
2-1: Fly out, F9 (Flyball, 89M, EV 86.9 MPH)
Batting: RHB Ricky Adams 0-0: Swinging Strike
0-1: Ball
1-1: Foul Ball, location: 2F
1-2: Fly out, F9 (Flyball, 89S, EV 92.5 MPH)
Top of the 5th over - 1 run, 1 hit, 0 errors, 0 left on base; Houston 5 - Cincinnati 0
BOTTOM OF THE 5TH
Cincinnati Reds batting - Pitching for Houston Astros : LHP Mark Langston
Batting: RHB Nick Deurloo 0-0: Called Strike
0-1: Ball
1-1: Foul Ball, location: 2F
1-2: Ball
2-2: Foul Ball, location: 2F
2-2: Ball
3-2: Ground out 4-3 (Groundball, 4M, EV 77.5 MPH)
Batting: LHB Darrell Evans 0-0: Ball
1-0: Ball
2-0: Foul Ball, location: 2F
2-1: Ground out 4-3 (Groundball, 34, EV 110.0 MPH)
Batting: RHB John Malkin 0-0: Ball
1-0: Called Strike
1-1: Called Strike
1-2: Foul Ball, location: 2F
1-2: Strikes out swinging
Bottom of the 5th over - 0 runs, 0 hits, 0 errors, 0 left on base; Houston 5 - Cincinnati 0
TOP OF THE 6TH
Houston Astros batting - Pitching for Cincinnati Reds : LHP Doug Rau
Batting: RHB Mark Langston 0-0: Called Strike
0-1: Ball
1-1: Ground out 4-3 (Groundball, 4, EV 103.1 MPH)
Batting: RHB Julio Franco 0-0: Hit by Pitch
Batting: RHB John Castino 0-0: Called Strike
0-1: Called Strike
0-2: Fly out, F8 (Flyball, 8LXD, EV 97.5 MPH)
Batting: RHB Zail Smith 0-0: Ball
Julio Franco steals 2nd base (no throw)
1-0: Ground out 4-3 (Groundball, 4, EV 100.0 MPH)
Top of the 6th over - 0 runs, 0 hits, 0 errors, 1 left on base; Houston 5 - Cincinnati 0
BOTTOM OF THE 6TH
Cincinnati Reds batting - Pitching for Houston Astros : LHP Mark Langston
Batting: RHB Ramon Borrero 0-0: Swinging Strike
0-1: Called Strike
0-2: Ball
1-2: Ball
2-2: Strikes out swinging
Batting: LHB Doug Rau 0-0: Ball
1-0: Called Strike
1-1: Ball
2-1: Ball
3-1: Foul Ball, location: 2F
3-2: Base on Balls
Batting: RHB John Damon 0-0: Called Strike
0-1: Foul Ball, location: 2F
0-2: Fly out, F9 (Flyball, 89S, EV 84.4 MPH)
Batting: RHB Marco Mosquera 0-0: Fly out, F8 (Flyball, 89D, EV 92.5 MPH)
Bottom of the 6th over - 0 runs, 0 hits, 0 errors, 1 left on base; Houston 5 - Cincinnati 0
TOP OF THE 7TH
Houston Astros batting - Pitching for Cincinnati Reds : LHP Doug Rau
Batting: LHB Steve Kemp 0-0: DOUBLE (Flyball, 8RXD, EV 88.8 MPH)
Batting: RHB Dave Valle 0-0: Called Strike
0-1: Swinging Strike
0-2: Ball
1-2: Ball
2-2: Foul Ball, location: 2F
2-2: Foul Ball, location: 2F
2-2: Foul Ball, location: 2F
2-2: Strikes out swinging
Batting: RHB Cecil Fielder 0-0: Foul Ball, location: 2F
0-1: Ball
1-1: Called Strike
1-2: Ball
2-2: Foul Ball, location: 2F
2-2: Ground out 4-3 (Groundball, 4, EV 106.3 MPH)
Steve Kemp to third
Batting: LHB Jerry Narron 0-0: SINGLE (Groundball, 4MD, EV 94.4 MPH)
Steve Kemp scores
Pitching: LHP Pat Underwood
Batting: RHB Ricky Adams 0-0: Ball
1-0: Called Strike
1-1: Ball
2-1: Fly out, F8 (Line Drive, 8LM, EV 90.0 MPH)
Top of the 7th over - 1 run, 2 hits, 0 errors, 1 left on base; Houston 6 - Cincinnati 0
BOTTOM OF THE 7TH
Cincinnati Reds batting - Pitching for Houston Astros : LHP Mark Langston
Batting: RHB Gary Matthews 0-0: Ball
1-0: Ball
2-0: Ball
3-0: Called Strike
3-1: Foul Ball, location: 2F
3-2: Foul Ball, location: 2F
3-2: Base on Balls
Batting: LHB Mike Easler 0-0: Called Strike
0-1: Fielders Choice at 2nd, 4-6 (Groundball, 4, EV 83.8 MPH)
Batting: RHB Nick Deurloo 0-0: Ball
1-0: Swinging Strike
1-1: Ball
2-1: Fly out, F4 (Line Drive, 4, EV 68.1 MPH)
Batting: LHB Darrell Evans 0-0: Ball
1-0: Foul Ball, location: 2F
1-1: Ball
2-1: Ball
3-1: Fly out, F8 (Flyball, 8LS, EV 87.5 MPH)
Bottom of the 7th over - 0 runs, 0 hits, 0 errors, 1 left on base; Houston 6 - Cincinnati 0
TOP OF THE 8TH
Houston Astros batting - Pitching for Cincinnati Reds : LHP Pat Underwood
Batting: RHB Mark Langston 0-0: Ball
1-0: Swinging Strike
1-1: Ball
2-1: Ball
3-1: Foul Ball, location: 2F
3-2: Strikes out swinging
Batting: RHB Julio Franco 0-0: Foul Ball, location: 2F
0-1: SINGLE (Groundball, 6S, EV 73.1 MPH) (infield hit)
Batting: RHB John Castino 0-0: Ball
1-0: Ball
2-0: Called Strike
2-1: Grounds into double play, 6-4-3 (Groundball, 6D, EV 90.6 MPH)
Top of the 8th over - 0 runs, 1 hit, 0 errors, 0 left on base; Houston 6 - Cincinnati 0
BOTTOM OF THE 8TH
Cincinnati Reds batting - Pitching for Houston Astros : LHP Mark Langston
Batting: RHB John Malkin 0-0: Ball
1-0: Foul Ball, location: 2F
1-1: Ball
2-1: Foul Ball, location: 2F
2-2: Strikes out swinging
Batting: RHB Ramon Borrero 0-0: Ball
1-0: Foul Ball, location: 2F
1-1: Called Strike
1-2: Strikes out swinging
Pinch Hitting: LHB Jim Bennett 0-0: Called Strike
0-1: Foul Ball, location: 2F
0-2: Strikes out swinging
Bottom of the 8th over - 0 runs, 0 hits, 0 errors, 0 left on base; Houston 6 - Cincinnati 0
TOP OF THE 9TH
Houston Astros batting - Pitching for Cincinnati Reds : LHP Pat Underwood
Pitching: RHP Mike Armstrong
Batting: RHB Zail Smith 0-0: Ball
1-0: Called Strike
1-1: Ball
2-1: SINGLE (Groundball, 6D, EV 99.4 MPH)
Batting: LHB Steve Kemp 0-0: Ball
1-0: Called Strike
1-1: Foul Ball, location: 2F
1-2: Fly out, F9 (Line Drive, 9, EV 93.8 MPH)
Batting: RHB Dave Valle 0-0: Called Strike
0-1: Called Strike
0-2: Grounds into double play, 6-4-3 (Groundball, 56, EV 108.8 MPH)
Top of the 9th over - 0 runs, 1 hit, 0 errors, 0 left on base; Houston 6 - Cincinnati 0
BOTTOM OF THE 9TH
Cincinnati Reds batting - Pitching for Houston Astros : LHP Mark Langston
Batting: RHB John Damon 0-0: Ball
1-0: Ball
2-0: Ground out U3 (Groundball, 34S, EV 89.4 MPH)
Batting: RHB Marco Mosquera 0-0: Swinging Strike
0-1: Ball
1-1: Foul Ball, location: 2F
1-2: Ball
2-2: Ground out 5-3 (Groundball, 5, EV 95.6 MPH)
Batting: RHB Gary Matthews 0-0: Ball
1-0: Ball
2-0: Foul Ball, location: 2F
2-1: Foul Ball, location: 2F
2-2: Ball
3-2: Base on Balls
Batting: LHB Mike Easler 0-0: Ball
1-0: Fly out, F8 (Flyball, 8LM, EV 95.6 MPH)
Bottom of the 9th over - 0 runs, 0 hits, 0 errors, 1 left on base; Houston 6 - Cincinnati 0
Thursday, September 3rd, 2020 - OOTP Baseball 21.5 Build 76